 Dungeon Crawl Stone Soup version 0.29.1-12-g30fa7ad0bf (webtiles) character file.

Game seed: 6226481766309048073

518 KittyFluff the Covered (level 7, 0/66 HPs)
             Began as a Gargoyle Fighter on Dec 28, 2022.
             Was a Follower of Trog.
             Slain by Duvessa
             ... wielding a +0 rapier
              (5 damage)
             ... on level 4 of the Dungeon.
             The game lasted 00:18:27 (4161 turns).

KittyFluff the Covered (Gargoyle Fighter)           Turns: 4161, Time: 00:18:28

Health: 0/66       AC: 14    Str: 19    XL:     7   Next: 21%
Magic:  7/7        EV:  9    Int:  9    God:    Trog [*.....]
Gold:   198        SH:  4    Dex: 11    Spells: 6/6 levels left

rFire   . . .      SeeInvis .   a - +0 flail
rCold   . . .      Faith    .   c - +0 buckler
rNeg    + . .      Spirit   .   b - +0 scale mail
rPois   ∞          Reflect  .   x - +0 helmet of a ziggurat {Will+}
rElec   +          Harm     .   (no cloak)
rCorr   .          Rampage  .   m - +0 pair of gloves
Will    +....                   (no boots)
Stlth   ..........              r - amulet of regeneration
HPRegen 1.01/turn               (no ring)
MPRegen 0.10/turn               (no ring)

@: berserking, very quick
A: sickness immunity, AC +4, negative energy resistance 1, electricity
resistance, torment resistance 1, petrification resistance
a: Renounce Religion, Berserk


You were on level 4 of the Dungeon.
You worshipped Trog.
Trog was aware of your devotion.
You visited 1 branch of the dungeon, and saw 4 of its levels.

You collected 198 gold pieces.

Inventory:

Hand Weapons
 a - a +0 flail (weapon)
 o - a +0 sling
Missiles
 h - 4 poisoned darts
 p - 35 stones (quivered)
 w - a throwing net
Armour
 b - a +0 scale mail (worn)
 c - a +0 buckler (worn)
 j - a +0 ring mail
 m - a +0 pair of gloves (worn)
 x - the +0 helmet of a ziggurat (worn) {Will+}
   (You found it on level 4 of the Dungeon)

   Will:      It increases your willpower.
Jewellery
 r - an amulet of regeneration (around neck)
Scrolls
 g - a scroll of noise {unknown}
 k - 4 scrolls of immolation {unknown}
 q - 2 scrolls of magic mapping {unknown}
 v - a scroll of blinking {unknown}
 y - a scroll of enchant weapon {unknown}
Potions
 d - a potion of might
 e - 2 potions of berserk rage
 f - 2 potions of resistance
 i - 2 potions of attraction
 l - a potion of degeneration
 n - 3 potions of curing
 s - 2 potions of lignification
 t - a potion of magic
 u - a potion of haste {unknown}


   Skills:
 + Level 4.6 Fighting
 + Level 4.8 Maces & Flails
 + Level 0.1 Throwing
 * Level 5.4 Armour
 + Level 1.1 Dodging
 + Level 4.1 Shields


You had 6 spell levels left.
You didn't know any spells.
Your spell library was empty.

Dungeon Overview and Level Annotations

Branches:
Dungeon (4/15)
 Temple: D:4-7

Altars:
Cheibriados
Trog
The Shining One

Shops:
D:2 !

Annotations:
D:4 Duvessa, Edmund


Innate Abilities, Weirdness & Mutations

You are immune to sickness and miasma.
Your stone body is resilient. (AC +4)
You are immune to poison.
You resist negative energy. (rN+)
You are resistant to electric shocks. (rElec)
You are resistant to unholy torment.
You are immune to petrification.


Message History

There is a stone staircase leading down here.
y - a scroll labelled MIMADO OKKUF Duvessa shouts!
Duvessa goes berserk!
You hear a shout!
You hear a shout!
Throw: 36 stones
Press: ? - help, Q - select action, (/) - cycle Shift-Dir - straight line, f - Duvessa
Aim: Duvessa, wielding a +0 rapier and wearing a +0 scale mail (berserk, fast, 65% to hit)
You throw a stone.
The stone hits Duvessa but does no damage.
You hit Duvessa but do no damage. Duvessa hits you with a +0 rapier.
You block Duvessa's attack.
You hit Duvessa.
Duvessa is lightly wounded.
You block Duvessa's attack. Duvessa hits you with a +0 rapier!
You hit Duvessa.
Duvessa is lightly wounded.
Duvessa hits you with a +0 rapier!
You hit Duvessa.
Duvessa is moderately wounded.
Duvessa hits you but does no damage. Duvessa barely misses you.
You hit Duvessa but do no damage.
Duvessa is moderately wounded.
You block Duvessa's attack. Duvessa hits you with a +0 rapier!
A red film seems to cover your vision as you go berserk!
You feel yourself moving faster!
You feel mighty! Duvessa hits you with a +0 rapier!
* * * LOW HITPOINT WARNING * * *
You hit Duvessa.
Duvessa is moderately wounded.
Duvessa closely misses you. Duvessa barely misses you.
You completely miss Duvessa.
Duvessa is moderately wounded.
Duvessa hits you with a +0 rapier!
* * * LOW HITPOINT WARNING * * *
You hit Duvessa but do no damage.
Duvessa is moderately wounded.
Duvessa hits you with a +0 rapier.
You die...

...## ## #.# #.# ....##
#.########.# #.#
.......##..........########.#
...... .....................#
#..###.##.#........#######..#
..............#######..#
.#.#.......<.........# #
#......#.#.#######.## #
#...####.#@#..# #.# #
#.#....#.#e##.# #.# # ..
..e...(#.##.# #.# ...
#####e..(.##.# #.# ..
.........#.## #.# .
............#####.#
...........>.)....#
..........#########
..........#


You could see Duvessa (berserk, fast).

Vanquished Creatures
  A black bear (D:4)
  A phantom (D:4)
  A necrophage (D:4)
  Dowan (D:4)
  A hound (D:4)
  Natasha (twice) (D:3)
  Robin (D:4)
  3 gnolls (D:1)
  3 adders
  3 dart slugs
  2 orcs
  5 endoplasms
  5 giant cockroaches
  12 goblins
  12 hobgoblins
  6 jackals (D:1)
  5 quokkas
  7 ball pythons
  5 bats
  2 frilled lizards
  8 kobolds
  6 rats
92 creatures vanquished.

Notes
Turn   | Place    | Note
-------+----------+-------------------------------------------
     0 | D:1      | KittyFluff the Gargoyle Fighter began the quest for the
                  | Orb.
     0 | D:1      | Reached XP level 1. HP: 14/14 MP: 1/1
   159 | D:1      | Reached XP level 2. HP: 18/19 MP: 2/2
   582 | D:1      | Reached XP level 3. HP: 24/24 MP: 3/3
  1062 | D:1      | Reached skill level 4 in Armour
  1062 | D:1      | Reached XP level 4. HP: 15/29 MP: 4/4
  1566 | D:2      | Found Vuasip's Distillery.
  2375 | D:2      | Found a faded altar of an unknown god.
  2456 | D:3      | Reached XP level 5. HP: 33/33 MP: 5/5
  2520 | D:3      | Noticed Natasha
  2537 | D:3      | Killed Natasha
  2885 | D:3      | Found a bloodstained altar of Trog.
  2890 | D:3      | Became a worshipper of Trog the Wrathful
  2989 | D:3      | Noticed Natasha
  3001 | D:3      | Killed Natasha
  3095 | D:3      | Found a snail-covered altar of Cheibriados.
  3344 | D:4      | Noticed Edmund
  3434 | D:4      | Noticed Duvessa
  3468 | D:4      | Noticed Dowan
  3595 | D:4      | Reached skill level 5 in Armour
  3595 | D:4      | Reached XP level 6. HP: 38/38 MP: 6/6
  3786 | D:4      | Noticed Robin
  3793 | D:4      | Reached * piety under Trog
  3811 | D:4      | Killed Robin
  3812 | D:4      | Found a glowing golden altar of the Shining One.
  3867 | D:4      | Identified the +0 helmet of a ziggurat {Will+}
  3916 | D:4      | Reached skill level 1 in Dodging
  3988 | D:4      | Noticed a black bear
  3997 | D:4      | Killed a black bear
  3998 | D:4      | Reached XP level 7. HP: 37/44 MP: 7/7
  4137 | D:4      | Killed Dowan
  4161 | D:4      | Slain by Duvessa

Illustrated notes

Levels and vault maps discovered:
D:1:      scummos_arrival_star, layout_basic
D:2:      layout_basic, serial_shops, shop_statue, ebering_ecumenical_altar_hall
D:3:      layout_basic, old_standard_altar, mainiacjoe_overflow_alcove_2,
          serial_glass, glass_columns_a, glass_columns_b, uniq_natasha
D:4:      layout_basic, lemuel_tele_altar, gammafunk_ghost_mausoleum, uniq_ijyb,
          uniq_duvessa, uniq_edmund, uniq_robin

Skill      XL: |  1  2  3  4  5  6 |
---------------+-------------------+-----
Armour         | 4 5 |  5.4
Maces & Flails | 3 4 |  4.8
Fighting       | 4 |  4.6
Dodging        | 1 |  1.1
Shields        | 4 |  4.1
Throwing       | |  0.1

Action                   |  1- 3 |  4- 6 |  7- 9 || total
-------------------------+-------+-------+-------++-------
Melee: Flail             |    96 |   240 |    14 ||   350
Throw: Stone             |     4 |     3 |     5 ||    12
       Dart              |       |       |     2 ||     2
  Use: Scroll            |       |     7 |       ||     7
       Potion            |       |       |     1 ||     1
Armor: Scale mail        |    67 |   143 |     3 ||   213
Dodge: Dodged            |    42 |   126 |     4 ||   172
Block: Buckler           |    16 |    50 |     4 ||    70
